 Dungeon Crawl Stone Soup version 0.25-a0-413-g3b4b6a4ccc (webtiles) character file.

Game seed: 9202933661944048435, levelgen mode: deterministic

73 LairdRich the Chopper (level 4, -3/40 HPs)
             Began as a Minotaur Berserker on Jan 14, 2020.
             Was a Believer of Trog.
             Killed from afar by Sigmund (7 damage)
             ... with a puff of flame
             ... on level 2 of the Dungeon on Jan 15, 2020.
             The game lasted 00:07:38 (1945 turns).

LairdRich the Chopper (Minotaur Berserker)          Turns: 1945, Time: 00:07:38

Health: -3/40      AC:  2    Str: 23    XL:     4   Next: 8%
Magic:  3/3        EV: 12    Int:  4    God:    Trog [**....]
Gold:   59         SH:  0    Dex:  9    Spells: 3/3 levels left

rFire    . . .     SeeInvis .   a - +0 hand axe
rCold    . . .     Gourm    .   (no shield)
rNeg     . . .     Faith    .   b - +0 animal skin
rPois    .         Spirit   .   (helmet restricted)
rElec    .         Reflect  .   (no cloak)
rCorr    .         Harm     .   (no gloves)
MR       ++...                  (no boots)
Stlth    +.........             (no amulet)
HPRegen  1.13/turn              (no ring)
MPRegen  0.08/turn              (no ring)

@: berserk cooldown, regenerating (expiring), slowed, very slow
A: retaliatory headbutt, horns 2
a: Berserk, Trog's Hand, Renounce Religion


You were on level 2 of the Dungeon.
You worshipped Trog.
Trog was pleased with you.
You were near starving.

You visited 1 branch of the dungeon, and saw 2 of its levels.

You collected 59 gold pieces.

Inventory:

Hand Weapons
 a - a +0 hand axe (weapon)
Armour
 b - a +0 animal skin (worn)
Jewellery
 i - a cursed -2 ring of dexterity {unknown}
Scrolls
 d - 2 scrolls of amnesia {unknown}
 g - 2 scrolls of teleportation {unknown}
 k - a scroll of blinking {unknown}
 m - 2 scrolls of fear {unknown}
 n - a scroll of identify {unknown}
Potions
 e - 2 potions of lignification {unknown}
 f - 3 potions of flight {unknown}
 h - a potion of brilliance {unknown}
 l - 2 potions of invisibility {unknown}
 o - a potion of heal wounds {unknown}
Comestibles
 c - 3 rations
 j - 3 chunks of flesh


   Skills:
 + Level 4.2 Fighting
 * Level 4.7 Axes
 + Level 3.2 Armour
 + Level 2.9 Dodging


You had 3 spell levels left.
You didn't know any spells.
Your spell library was empty.

Dungeon Overview and Level Annotations

Branches:
Dungeon (2/15)

Altars:

Annotations:
D:2 Sigmund


Innate Abilities, Weirdness & Mutations

You reflexively headbutt those who attack you in melee.
You have a pair of horns on your head.


Message History

You barely miss something. You headbutt something.
Something completely misses you.
You miss something. Your headbutt misses something.
You are no longer berserk.
You are exhausted.
You feel yourself slow down.
You feel the effects of Trog's Hand fading.
You barely miss something. Something hits you!
You miss something.
You hear some strange, mumbled words.
A magic dart appears from out of thin air!
The magic dart hits you.
* * * LOW HITPOINT WARNING * * *
Something hits you!
* * * LOW HITPOINT WARNING * * *
You miss something. You headbutt something.
You hear some strange, mumbled words.
A puff of flame appears from out of thin air!
The puff of flame hits you!
You die...

......
#..........#
##..........#
#.../.......#
#...........#
#...........# #
###..........(# #
###......{......#
##
####...#####@##
.# ##....### #.#
.###..#### #.#
.....## #.#
#.#### #.# #.#
####.## #.#
#(....# #.#
#>....# #.#
#.....# ..


There were no monsters in sight!

Vanquished Creatures
  2 adders (D:2)
  An ooze (D:1)
  A worm (D:2)
  2 dart slugs
  3 leopard geckos
  2 giant cockroaches (D:1)
  4 hobgoblins (D:1)
  4 jackals (D:1)
  3 quokkas (D:2)
  4 bats
  2 frilled lizards
  2 goblins (D:1)
  7 kobolds
  5 rats
42 creatures vanquished.

Notes
Turn   | Place    | Note
-------+----------+-------------------------------------------
     0 | D:1      | LairdRich the Minotaur Berserker began the quest for the
                  | Orb.
     0 | D:1      | Reached XP level 1. HP: 19/19 MP: 0/0
   265 | D:1      | Reached XP level 2. HP: 27/27 MP: 1/1
   729 | D:1      | Reached ** piety under Trog
   906 | D:1      | Reached XP level 3. HP: 33/33 MP: 2/2
  1294 | D:2      | Noticed Sigmund
  1871 | D:2      | Reached XP level 4. HP: 40/40 MP: 3/3
  1944 | D:2      | HP: 2/40 [something (8)]
  1945 | D:2      | Killed from afar by Sigmund

Levels and vault maps discovered:
D:1:      dpeg_chamrin_arrival_tetris, layout_loops_ring
D:2:      layout_rooms, first_ration, uniq_sigmund

Skill      XL: |  1  2  3 |
---------------+----------+-----
Axes           | 4 |  4.7
Fighting       | 4 |  4.2
Armour         | 3 |  3.2
Dodging        | |  2.9

Action                   |  1- 3 |  4- 6 || total
-------------------------+-------+-------++-------
Melee: Hand axe          |    87 |    15 ||   102
       Headbutt          |    12 |     2 ||    14
Invok: Berserk           |       |     1 ||     1
       Trog's Hand       |       |     1 ||     1
  Eat: Chunk             |     3 |       ||     3
Armor: Animal skin       |     6 |     1 ||     7
Dodge: Dodged            |    59 |     8 ||    67

Table legend:
 A = Non-vault XP
 B = Vault XP
 C = Vault XP percentage of total XP
 D = Non-vault monster count
 E = Vault monster count
 F = Vault count percentage of total count
                 A         B        C        D         E       F
            +---------+---------+-------+---------+---------+-------
      Total |     105 |       0 |   0.0 |      42 |       0 |   0.0
            +---------+---------+-------+---------+---------+-------
        D:1 |      52 |       0 |   0.0 |      28 |       0 |   0.0
        D:2 |      53 |       0 |   0.0 |      14 |       0 |   0.0
            +---------+---------+-------+---------+---------+-------
